 Dungeon Sprint DCSS version 0.19.0-9-gfd783f2 (webtiles) character file.

1130 LORDOFBUTT the Unseen (level 8, -2/37 HPs)
             Began as a Spriggan Assassin on Nov 7, 2016.
             Was an Initiate of Dithmenos.
             Splashed by a jelly's acid (3 damage)
             ... in the Dungeon (Sprint III: "The Ten Rune Challenge").
             The game lasted 00:01:48 (239 turns).

LORDOFBUTT the Unseen (Spriggan Assassin)            Turns: 239, Time: 00:01:49

Health: -2/37      AC: -5    Str:  7    XL:     8   Next: 13%
Magic:  9/9        EV: 17    Int: 13    God:    Dithmenos [......]
Gold:   15         SH:  0    Dex: 19    Spells: 0 memorised, 7 levels left

rFire  . . .     SeeInvis +     x - +1 dagger (freeze)
rCold  . . .     Gourm    .     c - +0 robe
rNeg   . . .     Faith    .     (shield restricted)
rPois  .         Spirit   .     (helmet restricted)
rElec  .         Reflect  .     d - +0 cloak
rCorr  .         Harm     .     (gloves unavailable)
MR     +....     NoTele   +     (boots unavailable)
Stlth  ++++++++..               (no amulet)
                                (no ring)
                                (no ring)

@: corroded, very quick
A: unfitting armour, see invisible, herbivore 3, speed 3, slow metabolism 2
a: Renounce Religion


You were in the Dungeon.
You worshipped Dithmenos.
Dithmenos was noncommittal.
You were not hungry.

You visited 1 branch You collected 15 gold pieces.

Inventory:

Hand Weapons
 b - a +0 blowgun
 x - a +1 dagger of freezing (weapon)
Missiles
 e - 8 poisoned needles
 f - 2 curare-tipped needles
 n - 8 needles of confusion
Armour
 c - a +0 robe (worn)
 d - a +0 cloak (worn)
Wands
 y - a wand of acid (3/15)
Scrolls
 m - a scroll of blinking
 o - 2 scrolls of recharging {unknown}
 q - 2 scrolls of immolation {unknown}
 r - 4 scrolls of identify
Potions
 a - a potion of might
 h - 2 potions of curing
 i - a potion of heal wounds
 j - a potion of haste
 k - 2 potions of magic
 l - 2 potions of berserk rage
 p - 2 potions of mutation {unknown}
 t - 3 potions of flight
 u - a potion of cure mutation {unknown}
Books
 v - a book of Misfortune

   Spells                             Type                      Level
   a - Confusing Touch                Hexes                        1
   b - Confuse                        Hexes                        3
   c - Gell's Gravitas                Hexes/Translocation          3
   d - Petrify                        Transmutation/Earth          4
   e - Metabolic Englaciation         Hexes/Ice                    5
   f - Yara's Violent Unravelling     Hexes/Transmutation          5
 w - a book of Cantrips

   Spells                             Type                      Level
   a - Confusing Touch                Hexes                        1
   b - Animate Skeleton               Necromancy                   1
   c - Summon Small Mammal            Summoning                    1
   d - Apportation                    Translocation                1
Comestibles
 g - a bread ration
 s - 5 fruits


   Skills:
 - Level 1.5 Fighting
 + Level 11.3 Short Blades
 - Level 2.0 Throwing
 - Level 1.5 Dodging
 * Level 20.8 Stealth


You had 7 spell levels left.
You didn't know any spells.

Dungeon Overview and Level Annotations

Branches:
Dungeon (1/1)

Altars:
Dithmenos
Elyvilon
Kikubaaqudgha
Okawaru
Ru
Sif Muna
Trog
Uskayaw
Vehumet
Yredelemnul
Zin
The Shining One
Beogh


Innate Abilities, Weirdness & Mutations

You are very small and have problems with some larger weapons.
You are too small for most types of armour.
You have supernaturally acute eyesight. (SInv)
You are a herbivore.
You cover ground extremely quickly.
You need consume almost no food.


Message History

The jelly is heavily wounded.
There is an open door here.
You close the door.
You hear a slurping noise.
The jelly eats the door!
You barely miss the jelly.
The jelly is lightly wounded.
You hit the jelly but do no damage.
Your hands burn!
The jelly is lightly wounded.
The jelly closely misses you.
You hit the jelly but do no damage.
Your hands burn!
The jelly is lightly wounded.
You hit the jelly. You freeze the jelly.
Your hands burn!
The jelly is moderately wounded.
The jelly hits you.
* * * LOW HITPOINT WARNING * * *
The acid corrodes you!
You are splashed with acid!
The acid burns!
* * * LOW HITPOINT WARNING * * *
You hit the jelly but do no damage.
Your hands burn!
You die...

▓▓▓ ##
##.############
.#####..#___#__[#__#
..#%.#..#)..#__)#†_#
..#..#..###'#'###'##
..##'#..#..........#
..###...'.⌠.....@J.#
.####†..#...######.#
.###....#.⌠.# #...#
.##.....#...# #...#
.#......#'### #...#
#.#.....#.))# #..%+
####....#___# +...#
▓▓▓▓▓▓▓▓▓▓ ▓▓▓▓▓


You could see a jelly.

Vanquished Creatures
  A deep elf mage (D)
  A shadow (D)
  A necrophage (D)
  A water elemental (D)
  A scorpion (D)
  Jessica (D)
  A wizard (D)
  A necromancer (D)
  A kobold demonologist (D)
  3 humans (D)
  An ooze (D)
  2 rats (D)
15 creatures vanquished.

Vanquished Creatures (others)
  6 hellions (D)
  A yaktaur (D)
  3 plants (D)
10 creatures vanquished.

Grand Total: 25 creatures vanquished

Notes
Turn   | Place    | Note
-------+----------+-------------------------------------------
     0 | D        | LORDOFBUTT the Spriggan Assassin began the quest for the Orb.
     0 | D        | Reached XP level 1. HP: 10/10 MP: 2/2
    10 | D        | Reached skill level 6 in Stealth
    16 | D        | Reached skill level 7 in Stealth
    41 | D        | Noticed Jessica
    46 | D        | Killed Jessica
    46 | D        | Reached skill level 9 in Stealth
    46 | D        | Reached XP level 2. HP: 13/14 MP: 3/3
    46 | D        | Reached XP level 3. HP: 17/18 MP: 4/4
    54 | D        | Noticed a scorpion
    57 | D        | Killed a scorpion
    57 | D        | Reached skill level 5 in Short Blades
    57 | D        | Reached skill level 11 in Stealth
    57 | D        | Reached XP level 4. HP: 22/22 MP: 5/5
    71 | D        | Reached skill level 12 in Stealth
   119 | D        | Killed a hellion
   131 | D        | Killed a hellion
   140 | D        | Killed a hellion
   148 | D        | Noticed a water elemental
   151 | D        | Killed a water elemental
   151 | D        | Reached skill level 13 in Stealth
   151 | D        | Reached XP level 5. HP: 25/25 MP: 6/6
   154 | D        | Found a radiant altar of Vehumet.
   154 | D        | Found a deep blue altar of Sif Muna.
   154 | D        | Found an ancient bone altar of Kikubaaqudgha.
   156 | D        | Reached skill level 14 in Stealth
   174 | D        | Found a glowing silver altar of Zin.
   174 | D        | Found a glowing golden altar of the Shining One.
   174 | D        | Found a white marble altar of Elyvilon.
   175 | D        | Noticed a deep elf mage
   177 | D        | Killed a deep elf mage
   177 | D        | Reached skill level 10 in Short Blades
   177 | D        | Reached skill level 18 in Stealth
   177 | D        | Reached XP level 6. HP: 30/30 MP: 7/7
   177 | D        | Reached XP level 7. HP: 33/33 MP: 8/8
   181 | D        | Found a hide-covered altar of Uskayaw.
   181 | D        | Found a roughly hewn altar of Beogh.
   181 | D        | Found an iron altar of Okawaru.
   181 | D        | Found a bloodstained altar of Trog.
   181 | D        | Noticed a human
   182 | D        | Noticed a human
   184 | D        | Killed a human
   184 | D        | Reached skill level 19 in Stealth
   185 | D        | Killed a human
   185 | D        | Reached skill level 20 in Stealth
   197 | D        | Found a basalt altar of Yredelemnul.
   197 | D        | Found a shadowy altar of Dithmenos.
   197 | D        | Found a sacrificial altar of Ru.
   211 | D        | Killed a hellion
   212 | D        | Killed a hellion
   213 | D        | Became a worshipper of Dithmenos the Shadowed
   213 | D        | Killed a hellion
   219 | D        | Noticed a shadow
   222 | D        | Killed a shadow
   222 | D        | Reached XP level 8. HP: 37/37 MP: 9/9
   222 | D        | Killed a yaktaur
   238 | D        | HP: 1/37 [acid (8)]
   239 | D        | Splashed by a jelly's acid

Skill      XL: |  1  2  3  4  5  6  7 |
---------------+----------------------+-----
Stealth        | 9 11 13 18 20 | 20.8
Short Blades   | 4 5 6 10 11 | 11.3
Fighting       | |  1.5
Throwing       | |  2.0
Dodging        | |  1.5

Action                   |  1- 3 |  4- 6 |  7- 9 || total
-------------------------+-------+-------+-------++-------
Melee: Dagger            |    10 |    11 |    13 ||    34
 Fire: Blowgun           |       |     1 |       ||     1
 Stab: Sleeping          |     3 |     4 |     5 ||    12
       Confused          |       |     1 |       ||     1
Dodge: Dodged            |     4 |     2 |     1 ||     7
